General information
- name: BNet
- type: Ladder team game (AT/RT)
- host: Battle.net
- saver: ToweredCoward!
map: Mur'gulOasis_LV
- players: 8
- length: 14:25
- speed: Fast
- version: 1.29 W3XP
- replay type: Public
» download(155 KB)
Players
team 1 (winner)

»
covetousrat (
pink | 181 APM | 2608 actions | 14:25)
4 Tauren Chieftain
2 Endurance Aura
2 Shockwave
2 Shadow Hunter
1 Healing Wave
1 Hex
» actions
| Assign group hotkey | 34 | |
| Basic commands | 189 | |
| Build / train | 67 | |
| ESC pressed | 1 | |
| Enter build submenu | 14 | |
| Enter hero's abilities submenu | 6 | |
| Give item / drop item | 2 | |
| Right click | 735 | |
| Select / deselect | 329 | |
| Select group hotkey | 1162 | |
| Use ability | 68 | |
2608 total
» units
| Peon | 9 | |
| Grunt | 10 | |
| Shaman | 4 | |
| Troll Witch Doctor | 4 | |
| Tauren | 1 | |
28 total
» upgrades
| Berserker Strength | 1 | |
| Witch Doctor Training | 3 | |
| Shaman Training | 2 | |
| Melee Weapons | 1 | |
| Armor | 1 | |
8 total
» buildings
| Altar of Storms | 1 | |
| Orc Burrow | 6 | |
| Barracks | 1 | |
| Voodoo Lounge | 1 | |
| Stronghold | 4 | |
| Spirit Lodge | 2 | |
| Fortress | 2 | |
| War Mill | 1 | |
| Tauren Totem | 1 | |
19 total
» build order
00:08 Altar of Storms
00:19 Orc Burrow
00:38 Barracks
01:31 Orc Burrow
02:04 Voodoo Lounge
02:51 Stronghold
02:51 Stronghold
02:51 Stronghold
02:51 Stronghold
03:31 Orc Burrow
05:18 Spirit Lodge
06:04 Fortress
06:04 Fortress
06:25 Spirit Lodge
06:44 War Mill
08:14 Orc Burrow
08:15 Orc Burrow
09:54 Tauren Totem
11:11 Orc Burrow
» items
| Healing Salve | 5 | |
| Scroll of Speed | 2 | |
| Scroll of Town Portal | 1 | |
| Lesser Clarity Potion | 1 | |
| Potion of Healing | 1 | |
10 total

»
JamBond (
green | 61 APM | 879 actions | 14:25)
3 Keeper of the Grove
2 Entangling Roots
1 Force of Nature
1 Priestess of the Moon
1 Trueshot Aura
» actions
| Assign group hotkey | 26 | |
| Basic commands | 4 | |
| Build / train | 56 | |
| Enter build submenu | 10 | |
| Enter hero's abilities submenu | 4 | |
| Give item / drop item | 1 | |
| Remove unit from queue | 1 | |
| Right click | 324 | |
| Select / deselect | 171 | |
| Select group hotkey | 245 | |
| Use ability | 37 | |
879 total
» units
| Wisp | 11 | |
| Archer | 16 | |
| Druid of the Talon | 3 | |
| Glaive Thrower | 1 | |
31 total
» upgrades
| Improved Bows | 1 | |
| Strength of the Moon | 3 | |
| Druid of the Talon Training | 2 | |
| Marksmanship | 1 | |
| Moon Armor | 1 | |
8 total
» buildings
| Moon Well | 5 | |
| Altar of Elders | 1 | |
| Ancient of War | 2 | |
| Tree of Ages | 1 | |
| Hunter's Hall | 1 | |
| Ancient of Wind | 1 | |
| Tree of Eternity | 1 | |
12 total
» build order
00:21 Moon Well
00:33 Altar of Elders
01:12 Ancient of War
01:32 Moon Well
03:03 Tree of Ages
04:48 Moon Well
04:52 Hunter's Hall
05:19 Moon Well
05:29 Ancient of Wind
06:06 Tree of Eternity
09:22 Ancient of War
09:28 Moon Well
» items
| Healing Salve | 1 | |
| Lesser Clarity Potion | 3 | |
| Scroll of Speed | 2 | |
| Scroll of Town Portal | 1 | |
| Potion of Healing | 1 | |
8 total
necroticksx (
orange | 54 APM | 782 actions | 14:25)
4 Blademaster
2 Wind Walk
2 Critical Strike
» actions
| Assign group hotkey | 96 | |
| Basic commands | 22 | |
| Build / train | 45 | |
| ESC pressed | 2 | |
| Enter build submenu | 14 | |
| Enter hero's abilities submenu | 4 | |
| Right click | 299 | |
| Select / deselect | 75 | |
| Select group hotkey | 142 | |
| Use ability | 83 | |
782 total
» units
» upgrades
| Armor | 3 | |
| Liquid Fire | 1 | |
| Ranged Weapons | 3 | |
7 total
» buildings
| Altar of Storms | 1 | |
| Orc Burrow | 2 | |
| War Mill | 1 | |
| Voodoo Lounge | 1 | |
| Stronghold | 1 | |
| Watch Tower | 5 | |
| Fortress | 2 | |
| Beastiary | 2 | |
15 total
» build order
00:08 Altar of Storms
00:19 Orc Burrow
01:02 War Mill
01:13 Voodoo Lounge
01:22 Orc Burrow
03:22 Stronghold
05:25 Watch Tower
05:28 Watch Tower
05:30 Watch Tower
05:32 Watch Tower
05:36 Watch Tower
05:45 Fortress
05:45 Fortress
08:42 Beastiary
08:43 Beastiary
» items
| Scroll of Speed | 2 | |
| Lesser Clarity Potion | 3 | |
| Healing Salve | 1 | |
| Circlet of Nobility | 1 | |
| Boots of Speed | 1 | |
| Scroll of Town Portal | 1 | |
| Orb of Lightning | 1 | |
10 total
XxTricolorxX (
yellow | 86 APM | 1246 actions | 14:25)
2 Archmage
1 Summon Water Elemental
1 Brilliance Aura
1 Mountain King
1 Storm Bolt
1 Paladin
1 Holy Light
» actions
| Assign group hotkey | 38 | |
| Basic commands | 48 | |
| Build / train | 51 | |
| Enter build submenu | 17 | |
| Enter hero's abilities submenu | 4 | |
| Give item / drop item | 3 | |
| Right click | 493 | |
| Select / deselect | 227 | |
| Select group hotkey | 314 | |
| Use ability | 51 | |
1246 total
» units
| Peasant | 9 | |
| Footman | 11 | |
| Gryphon Rider | 6 | |
26 total
» upgrades
| Swords | 2 | |
| Storm Hammers | 1 | |
| Lumber Harvesting | 1 | |
| Animal War Training | 1 | |
5 total
» buildings
| Altar of Kings | 1 | |
| Barracks | 1 | |
| Farm | 10 | |
| Keep | 3 | |
| Lumber Mill | 1 | |
| Blacksmith | 1 | |
| Arcane Vault | 1 | |
| Castle | 2 | |
| Gryphon Aviary | 2 | |
22 total
» build order
00:09 Altar of Kings
00:21 Barracks
00:28 Farm
00:52 Farm
01:41 Farm
02:22 Farm
03:42 Keep
03:42 Keep
03:42 Keep
04:13 Lumber Mill
05:10 Farm
05:14 Blacksmith
05:15 Arcane Vault
06:15 Castle
06:15 Castle
06:29 Gryphon Aviary
07:17 Gryphon Aviary
07:51 Farm
07:52 Farm
09:19 Farm
12:53 Farm
13:13 Farm
» items
| Healing Salve | 1 | |
| Scroll of Speed | 1 | |
| Lesser Clarity Potion | 2 | |
| Scroll of Regeneration | 1 | |
| Scroll of Town Portal | 2 | |
| Staff of Sanctuary | 1 | |
8 total
team 2 (loser)
rogvold (
red | 71 APM | 968 actions | 13:36)
3 Death Knight
2 Death Coil
1 Unholy Aura
1 Lich
1 Frost Nova
» actions
| Assign group hotkey | 17 | |
| Basic commands | 10 | |
| Build / train | 42 | |
| Enter build submenu | 10 | |
| Enter hero's abilities submenu | 4 | |
| Right click | 591 | |
| Select / deselect | 116 | |
| Select group hotkey | 147 | |
| Use ability | 31 | |
968 total
» units
| Acolyte | 8 | |
| Ghoul | 3 | |
| Crypt Fiend | 9 | |
| Obsidian Statue | 1 | |
21 total
» upgrades
| Creature Attack | 2 | |
| Burrow | 1 | |
| Web | 1 | |
4 total
» buildings
| Graveyard | 1 | |
| Crypt | 1 | |
| Ziggurat | 4 | |
| Altar of Darkness | 1 | |
| Tomb of Relics | 1 | |
| Nerubian Tower | 1 | |
| Halls of the Dead | 1 | |
| Black Citadel | 1 | |
| Slaughterhouse | 1 | |
| Temple of the Damned | 1 | |
| Spirit Tower | 1 | |
14 total
» build order
00:09 Graveyard
00:13 Crypt
00:28 Ziggurat
01:01 Altar of Darkness
01:42 Ziggurat
01:56 Tomb of Relics
03:30 Nerubian Tower
05:05 Halls of the Dead
05:29 Ziggurat
07:29 Black Citadel
07:37 Slaughterhouse
09:46 Ziggurat
10:35 Temple of the Damned
12:57 Spirit Tower
» items
| Rod of Necromancy | 4 | |
| Potion of Healing | 1 | |
5 total
ToweredCoward! (
teal | 23 APM | 329 actions | 14:25)
» actions
| Basic commands | 10 | |
| Build / train | 37 | |
| Enter build submenu | 27 | |
| Right click | 69 | |
| Select / deselect | 153 | |
| Use ability | 33 | |
329 total
» units
» upgrades
| Masonry | 3 | |
| Lumber Harvesting | 2 | |
| Magic Sentry | 1 | |
6 total
» buildings
| Lumber Mill | 1 | |
| Scout Tower | 21 | |
| Arcane Tower | 3 | |
| Guard Tower | 12 | |
| Keep | 1 | |
| Blacksmith | 1 | |
| Workshop | 1 | |
| Altar of Kings | 1 | |
| Castle | 1 | |
| Cannon Tower | 5 | |
| Arcane Sanctum | 1 | |
48 total
» build order
00:31 Lumber Mill
00:37 Scout Tower
00:42 Scout Tower
00:49 Scout Tower
00:53 Scout Tower
00:54 Scout Tower
00:57 Scout Tower
01:07 Arcane Tower
01:32 Guard Tower
01:58 Guard Tower
02:00 Arcane Tower
02:10 Guard Tower
02:19 Guard Tower
03:01 Keep
03:26 Scout Tower
03:29 Scout Tower
03:32 Scout Tower
03:34 Scout Tower
03:44 Blacksmith
03:58 Guard Tower
04:00 Guard Tower
04:03 Guard Tower
04:05 Guard Tower
05:01 Scout Tower
05:05 Scout Tower
05:08 Scout Tower
05:12 Scout Tower
05:13 Scout Tower
05:18 Scout Tower
05:43 Workshop
05:55 Altar of Kings
06:03 Guard Tower
06:09 Guard Tower
06:16 Guard Tower
06:25 Guard Tower
06:30 Arcane Tower
07:25 Castle
07:33 Scout Tower
07:43 Scout Tower
07:47 Scout Tower
07:52 Scout Tower
07:57 Scout Tower
08:24 Cannon Tower
08:26 Cannon Tower
08:46 Cannon Tower
09:06 Cannon Tower
09:30 Cannon Tower
10:00 Arcane Sanctum
» items
| Potion of Healing | 1 | |
| Scroll of Town Portal | 1 | |
2 total

»
hotdogbun (
purple | 53 APM | 715 actions | 13:31)
3 Death Knight
2 Death Coil
1 Unholy Aura
» actions
| Assign group hotkey | 21 | |
| Basic commands | 18 | |
| Build / train | 28 | |
| ESC pressed | 3 | |
| Enter build submenu | 16 | |
| Enter hero's abilities submenu | 3 | |
| Right click | 246 | |
| Select / deselect | 144 | |
| Select group hotkey | 191 | |
| Use ability | 45 | |
715 total
» units
| Acolyte | 4 | |
| Ghoul | 4 | |
| Crypt Fiend | 8 | |
16 total
» upgrades
» buildings
| Crypt | 2 | |
| Graveyard | 1 | |
| Ziggurat | 7 | |
| Altar of Darkness | 2 | |
| Tomb of Relics | 2 | |
| Nerubian Tower | 1 | |
| Halls of the Dead | 1 | |
| Spirit Tower | 3 | |
19 total
» build order
00:28 Crypt
00:33 Graveyard
00:39 Ziggurat
01:10 Altar of Darkness
01:24 Ziggurat
02:31 Tomb of Relics
02:55 Ziggurat
03:08 Ziggurat
03:10 Ziggurat
03:17 Nerubian Tower
05:24 Halls of the Dead
06:32 Spirit Tower
06:35 Ziggurat
07:10 Ziggurat
07:57 Altar of Darkness
08:44 Spirit Tower
09:38 Spirit Tower
09:49 Crypt
09:54 Tomb of Relics
» items

»
NiuZx (
blue | 86 APM | 1175 actions | 13:39)
4 Tauren Chieftain
2 Endurance Aura
2 War Stomp
1 Shadow Hunter
1 Healing Wave
» actions
| Assign group hotkey | 35 | |
| Basic commands | 24 | |
| Build / train | 46 | |
| Enter build submenu | 17 | |
| Enter hero's abilities submenu | 5 | |
| Give item / drop item | 1 | |
| Right click | 410 | |
| Select / deselect | 146 | |
| Select group hotkey | 424 | |
| Use ability | 67 | |
1175 total
» units
» upgrades
| Armor | 3 | |
| Berserker Strength | 1 | |
| Shaman Training | 2 | |
6 total
» buildings
| Altar of Storms | 1 | |
| Orc Burrow | 9 | |
| Barracks | 1 | |
| Voodoo Lounge | 1 | |
| War Mill | 1 | |
| Stronghold | 1 | |
| Watch Tower | 2 | |
| Fortress | 1 | |
| Spirit Lodge | 1 | |
| Beastiary | 1 | |
19 total
» build order
00:06 Altar of Storms
00:17 Orc Burrow
00:35 Barracks
01:21 Orc Burrow
01:55 Voodoo Lounge
03:10 War Mill
03:54 Orc Burrow
04:45 Stronghold
05:17 Watch Tower
06:13 Orc Burrow
06:40 Orc Burrow
09:55 Fortress
09:57 Spirit Lodge
11:05 Watch Tower
12:46 Beastiary
12:50 Orc Burrow
12:50 Orc Burrow
12:59 Orc Burrow
13:00 Orc Burrow
» items
| Healing Salve | 3 | |
| Lesser Clarity Potion | 4 | |
| Potion of Mana | 1 | |
| Scroll of Town Portal | 2 | |
| Orb of Lightning | 1 | |
11 total
Chat log
(00:19 / Allies) rogvold: hi
(00:21 / Allies) hotdogbun: hi
(00:21 / Allies) rogvold: fiends
(00:29 / Allies) NiuZx: melee sham
(00:30 / Allies) NiuZx: tc
(00:45 / Allies) hotdogbun: fiends dk
(04:24 / Allies) hotdogbun: u guys ok?
(04:35 / Allies) ToweredCoward!: no mommy me scared
(04:41 / All) necroticksx: lol
(05:40 / Allies) hotdogbun: meet to hit?
(08:57 / Allies) hotdogbun: nice red
(08:58 / Allies) hotdogbun: gg
(08:59 / Allies) hotdogbun: faggot
(10:18 / All) ToweredCoward!: orange is a mher lol
(10:31 / Allies) hotdogbun: and wtf is teal doing
(10:37 / All) ToweredCoward!: orange 100% hacks
(10:56 / Allies) NiuZx: orange is a dick
(11:19 / All) ToweredCoward!: came up to get the items and tome from my green creeps lol andn one of oyu ever scouted my base
(11:23 / All) ToweredCoward!: but yellow knew to avoid
(11:26 / All) ToweredCoward!: then you hit top
(11:36 / All) hotdogbun: teal shut the fuck up
(11:50 / All) ToweredCoward!: Shut up you bad teammate, you're supposed to have my back you traitor!
(11:50 / All) XxTricolorxX: ohhh
(11:55 / All) XxTricolorxX: u tp vs gripos with grunts
(11:57 / All) XxTricolorxX: hahaha
(12:00 / All) necroticksx: :D
(12:05 / All) hotdogbun: hes got 40 towers in his base 0 units
(12:07 / All) ToweredCoward!: gg purple is traitor
(12:08 / All) hotdogbun: my team mate?
(12:15 / All) ToweredCoward!: Purple cost us this game
(12:16 / All) hotdogbun: youre a fuckin parking break on this team
(13:22 / All) hotdogbun: teal thinks hes playing tower wars
(14:18 / All) ToweredCoward!: No kill for j00 hackers